cohdb
Replays
Latest Replays
All Replays
Popular Replays
Top Player Replays
Match Explorer
How It Works
Community
CoH3 Stats
Reddit
Sign in to upload your games and track your stats! →
Sign in with Steam
Match 41318806
Unlisted
Match 41318806
Overview
Messages
Build Orders
End
Royal Engineer Section
Construct Section Command Post
Selects Canadian Shock Battlegroup
Infantry Section
Construct Field Infirmary
Grenade Package
Selects Attacking Spirit
Selects Canadian Shock Section
Canadian Shock Section
Construct Platoon Command Post
Unlock M3 Stuart Light Tanks
Selects Burnout
M3 Stuart Light Tank
M3 Stuart Light Tank
Canadian Shock Section
Infantry Training
Selects Pyrotechnics
Burnout
Construct Company Command Post
Canadian Shock Section
Burnout
Selects Churchill Crocodile Heavy Tank
Churchill Crocodile Heavy Tank
CMP 15cwt Truck
Armored Vehicle Training
Burnout
Selects Smoke Operation
Moore246
RonnieRRR
Jd577
UBERdumpster
Gengeta
Rodib
ION
Godfather
0
0
Comments
sign in to comment!
No comments posted yet!